 Dungeon Crawl Stone Soup version 0.22.0-21-g8bd1b0a76a (webtiles) character file.

184 Kirk the Chopper (level 5, -1/40 HPs)
             Began as a Demonspawn Skald on Aug 19, 2018.
             Slain by a gnoll
             ... wielding a +0 whip
              (8 damage)
             ... on level 3 of the Dungeon.
             The game lasted 00:06:28 (4066 turns).

Kirk the Chopper (Demonspawn Skald)                 Turns: 4066, Time: 00:06:29

Health: -1/40      AC:  4    Str: 11    XL:     5   Next: 36%
Magic:  7/7        EV: 12    Int: 15    God:
Gold:   54         SH:  0    Dex: 13    Spells: 3/8 levels left

rFire    . . .     SeeInvis .   e - +0 war axe
rCold    . . .     Gourm    .   (no shield)
rNeg     + . .     Faith    .   b - +0 leather armour
rPois    .         Spirit   .   (no helmet)
rElec    .         Reflect  .   (no cloak)
rCorr    .         Harm     .   (no gloves)
MR       .....                  (no boots)
Stlth    +.........             (no amulet)
HPRegen  0.13/turn              j - ring of positive energy
MPRegen  0.10/turn              (no ring)

@: no status effects
A: claws 1, rugged brown scales 1, low mp 1, sense surroundings 1
a: no special abilities


You were on level 3 of the Dungeon.
You were not hungry.

You visited 1 branch of the dungeon, and saw 4 of its levels.

You collected 54 gold pieces.

Inventory:

Hand Weapons
 e - a +0 war axe (weapon)
Missiles
 c - a throwing net (quivered)
 k - 22 poisoned needles
Armour
 b - a +0 leather armour (worn)
Jewellery
 j - a ring of positive energy (left claw)
Wands
 h - a wand of acid (7)
Scrolls
 g - 2 scrolls of amnesia
 l - a scroll of teleportation
Potions
 f - 2 potions of flight
 m - a potion of might
Comestibles
 d - 3 rations


   Skills:
 + Level 2.7 Fighting
 + Level 3.9 Axes
 - Level 1.5 Armour
 - Level 1.7 Dodging
 + Level 2.3 Spellcasting
 + Level 3.3 Charms


You had 3 spell levels left.
You knew the following spells:

 Your Spells              Type           Power        Failure   Level  Hunger
a - Infusion              Chrm           ##..         8%          1    #......
b - Song of Slaying       Chrm           ##......     11%         2    ###....
c - Shroud of Golubria    Chrm/Tloc      #.........   22%         2    ###....

Your spell library contained the following spells:

 Spells                   Type           Power        Failure   Level  Hunger
 Summon Small Mammal      Summ           #...         28%         1    #......
 Call Imp                 Summ           #.......     41%         2    ###....
 Regeneration             Chrm/Necr      #.........   41%         3    ###....
 Spectral Weapon          Hex/Chrm       #.......     41%         3    ###....
 Call Canine Familiar     Summ           #.......     65%         3    ###....
 Summon Guardian Golem    Hex/Summ       #.......     65%         3    ###....
 Summon Ice Beast         Ice/Summ       #.......     96%         4    #####..
 Summon Lightning Spire   Summ/Air       #.......     96%         4    #####..


Dungeon Overview and Level Annotations

Branches:
Dungeon (4/15)
 Temple: D:4-7

Altars:
Nemelex Xobeh


Innate Abilities, Weirdness & Mutations

You have sharp fingernails.
You are partially covered in rugged brown scales. (AC +1, +3% HP)
Your magical capacity is low. (-10% MP)
You passively map a small area around you.


Message History

You closely miss the gnoll. The gnoll hits you.
The gnoll completely misses you. The gnoll hits you but does no damage.
You barely miss the gnoll.
The gnoll is severely wounded.
You barely miss the gnoll. The gnoll barely misses you.
The gnoll closely misses you.
You completely miss the gnoll.
The gnoll is severely wounded.
You completely miss the gnoll. The gnoll hits you with a whip!
* * * LOW HITPOINT WARNING * * *
The gnoll hits you but does no damage.
You barely miss the gnoll.
The gnoll is severely wounded.
You hit the gnoll but do no damage. The gnoll hits you with a whip.
* * * LOW HITPOINT WARNING * * *
The gnoll hits you but does no damage. x2; The gnoll hits you.
* * * LOW HITPOINT WARNING * * *
Unknown command.
The gnoll hits you with a whip!
You die...

#.# #.# ########.# #.# .........#
#.# ##.#####.# #.. #.#...#.# #.#
#.#.#.#.# ###.# #.#.#.#.#
############.... #.#.#.#.#
#######..........#.... #.#.#<#.#
#....@>...............
#.#.###.###.####gg..............
##.....#.#...................##..
#....#.#.#.#.###..............#..
#.##.#.#.#.#......###########.#..
#.####.#.#.######)###########)...
.......#.#.# #)..........##)##
########.#.# #...........##.##
#........#.# #...).......'....


You could see 2 gnolls.

Vanquished Creatures
  An orc priest (D:3)
  An orc wizard (D:3)
  6 adders
  2 oozes
  A worm (D:3)
  A dart slug (D:1)
  3 leopard geckos
  5 orcs
  4 bats
  4 giant cockroaches
  9 goblins
  6 hobgoblins
  A ball python (D:3)
  5 kobolds
  6 rats
55 creatures vanquished.

Notes
Turn   | Place    | Note
-------+----------+-------------------------------------------
     0 | D:1      | Kirk the Demonspawn Skald began the quest for the Orb.
     0 | D:1      | Reached XP level 1. HP: 16/16 MP: 3/3
   119 | D:1      | Gained mutation: You are partially covered in rugged brown scales. (AC +1, +3% HP) [demonic ancestry]
   119 | D:1      | Reached XP level 2. HP: 10/22 MP: 0/5
   538 | D:1      | Reached skill level 1 in Armour
   702 | D:2      | Reached XP level 3. HP: 13/27 MP: 0/6
  1235 | D:2      | Found a sparkling altar of Nemelex Xobeh.
  1364 | D:2      | Learned a level 2 spell: Song of Slaying
  1367 | D:2      | Learned a level 2 spell: Shroud of Golubria
  1796 | D:2      | Reached XP level 4. HP: 22/33 MP: 4/7
  2804 | D:3      | Gained mutation: Your magical capacity is low. (-10% MP) [potion of mutation]
  2804 | D:3      | Gained mutation: You passively map a small area around you. [potion of mutation]
  3192 | D:3      | Gained mutation: You have sharp fingernails. [demonic ancestry]
  3192 | D:3      | Reached XP level 5. HP: 4/40 MP: 5/7
  4066 | D:3      | Slain by a gnoll

Skill      XL: |  1  2  3 |
---------------+----------+-----
Charms         | 3 |  3.3
Axes           | 2 3 |  3.9
Armour         | 1 |  1.5
Fighting       | |  2.7
Dodging        | |  1.7
Spellcasting   | |  2.3

Action                   |  1- 3 |  4- 6 || total
-------------------------+-------+-------++-------
Melee: Hand axe          |   107 |   106 ||   213
       War axe           |       |    11 ||    11
 Cast: Infusion          |     6 |     2 ||     8
       Song of Slaying   |       |     1 ||     1
Evoke: Wand              |       |     2 ||     2
  Use: Potion            |     1 |     3 ||     4
       Scroll            |     2 |     8 ||    10
 Stab: Sleeping          |     1 |       ||     1
  Eat: Chunk             |     2 |     1 ||     3
       Ration            |       |     2 ||     2
Armor: Skin              |    10 |       ||    10
       Leather armour    |    32 |    19 ||    51
Dodge: Dodged            |    72 |    71 ||   143
